 Dungeon Crawl Stone Soup version 0.20.1-1-g8b1a95d (webtiles) character file.

94 empire the Skirmisher (level 4, -13/41 HPs)
             Began as a Minotaur Fighter on Aug 10, 2017.
             Mangled by Pikel
             ... wielding a +0 whip of electrocution
              (20 damage)
             ... on level 4 of the Dungeon.
             The game lasted 00:02:24 (1612 turns).

empire the Skirmisher (Minotaur Fighter)            Turns: 1612, Time: 00:02:25

Health: -13/41     AC: 13    Str: 25    XL:     4   Next: 38%
Magic:  3/3        EV:  6    Int:  5    God:
Gold:   91         SH: 10    Dex: 11    Spells: 3/3 levels left

rFire    . . .     SeeInvis .   a - +0 long sword
rCold    . . .     Gourm    .   c - +0 shield
rNeg     . . .     Faith    .   m - +0 chain mail
rPois    .         Spirit   .   (helmet restricted)
rElec    .         Reflect  .   o - +0 cloak
rCorr    .         Harm     .   u - +0 pair of gloves
MR       .....                  b - +0 pair of boots
Stlth    ..........             (no amulet)
Regen    0.2/turn               (no ring)
MPRegen  0.1/turn               (no ring)

@: mighty
A: retaliatory headbutt, horns 2
a: no special abilities


You were on level 4 of the Dungeon.
You were not hungry.

You visited 1 branch of the dungeon, and saw 4 of its levels.

You collected 91 gold pieces.

Inventory:

Hand Weapons
 a - a +0 long sword (weapon)
Armour
 b - a +0 pair of boots (worn)
 c - a +0 shield (worn)
 m - a +0 chain mail (worn)
 o - a +0 cloak (worn)
 u - a +0 pair of gloves (worn)
Scrolls
 h - 2 scrolls of identify {unknown}
 i - a scroll of random uselessness {unknown}
 l - 4 scrolls of remove curse {unknown}
 q - a scroll of fog {unknown}
 r - a scroll of blinking {unknown}
 t - a scroll of noise {unknown}
Potions
 d - a potion of might
 e - 2 potions of heal wounds {unknown}
 g - 3 potions of brilliance {unknown}
 j - a potion of mutation {unknown}
 k - a potion of curing {unknown}
 n - 2 potions of cancellation {unknown}
 s - a potion of lignification {unknown}
Comestibles
 f - 3 bread rations
 p - 6 fruits


   Skills:
 + Level 4.3 Fighting
 + Level 3.6 Long Blades
 + Level 4.2 Armour
 + Level 1.6 Dodging
 + Level 4.1 Shields


You had 3 spell levels left.
You didn't know any spells.

Dungeon Overview and Level Annotations

Branches:
Dungeon (3/15)

Altars:

Annotations:
D:4 Pikel


Innate Abilities, Weirdness & Mutations

You reflexively headbutt those who attack you in melee.
You have a pair of horns on your head.


Message History

You finish putting on your +0 pair of gloves.
A slave comes into view.
The slave shouts!
Pikel the Slaver comes into view.
He is wielding a whip of electrocution.
Pikel shouts!
You see here a grey potion.
A slave comes into view.
The slave moves out of view.
Pikel says, "Slavery isn't that bad."
A slave comes into view.
You see here a grey potion.
n - 2 grey potions (gained 1)
The slave shouts!
A worker ant zombie comes into view.
The worker ant zombie moves out of view.
You barely miss Pikel. Your headbutt misses Pikel.
Pikel hits you but does no damage.
You are electrocuted!
* * * LOW HITPOINT WARNING * * *
Pikel hits you but does no damage.
You are electrocuted!
You die...

..#.#.#.# ###.#.#.#.
# ......... #
#.###.#..#.# .#
........#>### ..#
..........<.##..### #
##....#...p.p...#
##.###..†)....KpZ.#.
.#........[...@##....
..........#)....# ##.
##..###...#.....#
%........##....#
#..####..##)...# .
#..###>..# #... ....#
##....%.%# #.###.#.#


You could see Pikel, 3 slaves and a worker ant zombie.

Vanquished Creatures
  A slave (D:4)
  Terence (D:2)
  4 gnolls (D:4)
  An adder (D:1)
  3 dart slugs
  2 bats (D:1)
  3 jackals (D:1)
  A goblin (D:1)
  A kobold (D:1)
  6 rats
23 creatures vanquished.

Notes
Turn   | Place    | Note
-------+----------+-------------------------------------------
     0 | D:1      | empire the Minotaur Fighter began the quest for the Orb.
     0 | D:1      | Reached XP level 1. HP: 19/19 MP: 0/0
   546 | D:1      | Reached XP level 2. HP: 25/27 MP: 1/1
  1181 | D:2      | Reached XP level 3. HP: 33/33 MP: 2/2
  1357 | D:2      | Noticed Terence
  1361 | D:2      | Killed Terence
  1361 | D:2      | Reached skill level 1 in Dodging
  1568 | D:3      | You fall through a shaft!
  1572 | D:4      | Noticed a slave
  1583 | D:4      | Killed a slave
  1584 | D:4      | Reached XP level 4. HP: 27/41 MP: 3/3
  1605 | D:4      | Noticed a slave
  1606 | D:4      | Noticed Pikel
  1608 | D:4      | Noticed a slave
  1609 | D:4      | Noticed a slave
  1612 | D:4      | Mangled by Pikel

Skill      XL: |  1  2  3 |
---------------+----------+-----
Long Blades    | 3 |  3.6
Fighting       | 4 |  4.3
Armour         | 4 |  4.2
Dodging        | 1 |  1.6
Shields        | 4 |  4.1

Action                   |  1- 3 |  4- 6 || total
-------------------------+-------+-------++-------
Melee: Long sword        |    51 |     6 ||    57
       Headbutt          |    11 |     1 ||    12
  Use: Potion            |     1 |       ||     1
  Eat: Chunk             |     2 |       ||     2
Armor: Chain mail        |    35 |     3 ||    38
       Scale mail        |     3 |       ||     3
Dodge: Dodged            |    10 |     1 ||    11
Block: Shield            |    34 |     4 ||    38
       Rpst.: Long sword |     5 |       ||     5
